 Dungeon Crawl Stone Soup version 0.21.1-1-g345015fe64 (webtiles) character file.

264 NullDivider the Charlatan (level 5, -3/27 HPs)
             Began as a Spriggan Artificer on Apr 27, 2018.
             Slain by an orc
             ... wielding a +0 club
              (5 damage)
             ... on level 3 of the Dungeon.
             The game lasted 00:13:29 (5273 turns).

NullDivider the Charlatan (Spriggan Artificer)      Turns: 5273, Time: 00:13:29

Health: -3/27      AC:  2    Str:  8    XL:     5   Next: 98%
Magic:  9/9        EV: 19    Int: 12    God:
Gold:   95         SH:  0    Dex: 18    Spells: 4/4 levels left

rFire    . . .     SeeInvis +   a - +0 short sword
rCold    . . .     Gourm    .   (shield restricted)
rNeg     . . .     Faith    .   b - +0 robe
rPois    +         Spirit   .   (helmet restricted)
rElec    .         Reflect  .   (no cloak)
rCorr    .         Harm     .   (gloves unavailable)
MR       .....                  (boots unavailable)
Stlth    ++........             (no amulet)
HPRegen  0.09/turn              r - ring of poison resistance
MPRegen  0.11/turn              (no ring)

@: drained, very quick
A: very small, unfitting armour, see invisible, herbivore, speed 3, slow
metabolism 2
a: no special abilities


You were on level 3 of the Dungeon.
You were hungry.

You visited 1 branch of the dungeon, and saw 4 of its levels.

You collected 95 gold pieces.

Inventory:

Hand Weapons
 a - a +0 short sword (weapon)
 p - a +2 hunting sling of freezing
Missiles
 q - 38 stones (quivered)
 u - 22 sling bullets
 v - 16 arrows
Armour
 b - a +0 robe (worn)
Jewellery
 r - a ring of poison resistance (left hand)
Wands
 c - a wand of flame (15)
 d - a wand of enslavement (14)
 e - a wand of random effects (15)
 m - a wand of clouds (5)
 s - a wand of iceblast (10)
Scrolls
 i - 2 scrolls of identify {unknown}
 j - a scroll of enchant weapon {unknown}
 k - a scroll of teleportation {unknown}
 t - a scroll of random uselessness {unknown}
 w - 2 scrolls of fog {unknown}
Potions
 g - 2 potions of agility {unknown}
 h - a potion of resistance {unknown}
 l - 3 potions of curing {unknown}
 o - a potion of lignification {unknown}
 x - a potion of heal wounds {unknown}
 z - a potion of might {unknown}
Books
 n - a book of Changes

   Spells                             Type                      Level
   a - Beastly Appendage              Transmutation                1
   b - Sticks to Snakes               Transmutation                2
   c - Spider Form                    Transmutation/Poison         3
   d - Ice Form                       Ice/Transmutation            4
   e - Blade Hands                    Transmutation                5
Comestibles
 f - 11 rations


   Skills:
 * Level 2.7(1.9) Fighting
 + Level 2.7(1.9) Short Blades
 + Level 2.0(1.2) Slings
 + Level 4.2(3.4) Dodging
 + Level 3.7(2.9) Stealth
 + Level 5.0(4.2) Evocations


You had 4 spell levels left.
You didn't know any spells.

Dungeon Overview and Level Annotations

Branches:
Dungeon (4/15)
 Temple: D:4-7

Altars:
Gozag
Trog


Innate Abilities, Weirdness & Mutations

You are very small and have problems with some larger weapons.
You are too small for most types of armour.
You have supernaturally acute eyesight. (SInv)
You are a herbivore.
You cover ground extremely quickly.
You need consume almost no food.


Message History

You barely miss the orc.
The orc is almost dead.
The orc barely misses you.
Evoke which item? (* to show all) (? for menu, Esc to quit)
Aiming: Enslavement
Press: ? - help, Shift-Dir - straight line, f - orc
Aim: an orc, wielding a mace and wearing a ring mail (chance to defeat MR: 74%)
The orc is charmed.
Your orc hits the orc but does no damage.
What are your orders? t - Shout!
Orders for allies: a - Attack new target. p - Attack previous target. r - Retreat! s - Stop attacking. g - Guard the area. f - Follow me.
Anything else - Cancel.
Gang up on whom?
Press: ? - help, Dir - move target cursor, f - orc, p - orc
Aim: an orc, wielding a club and wearing a scale mail (severely wounded) Attack!
The orc hits you with a club.
You die...

.# #........................ .#
#.........#######....##.. .#
#.........# #....##.. .#
#.........# #....##..
.########..##############†...##..
.)....†....####8####.........†...
.########..##8...8###.###....##..
..........###.....###.# #....##..
.########.##_...@._##.# #....##..
.# #.###...o.###.# #######.. ##
#.# #8...8###.# ###
#########.###...o.##".#
...........#8.....8#####
.############.....##...# ......#
#.##8...8##...# #####.#
#.####>####...# ....#.#
#.#########...#


You could see an orc and a friendly orc.

Vanquished Creatures
  An ogre (D:3)
  2 orc priests (D:3)
  A centaur skeleton (D:4)
  An adder (D:3)
  An ooze (D:2)
  A worm (D:3)
  3 dart slugs
  2 leopard geckos (D:3)
  9 orcs
  8 bats
  4 giant cockroaches
  9 goblins
  6 hobgoblins
  A quokka (D:2)
  3 frilled lizards
  3 kobolds
  3 rats
58 creatures vanquished.

Notes
Turn   | Place    | Note
-------+----------+-------------------------------------------
     0 | D:1      | NullDivider the Spriggan Artificer began the quest for the Orb.
     0 | D:1      | Reached XP level 1. HP: 9/9 MP: 4/4
   155 | D:1      | Reached skill level 1 in Fighting
   330 | D:1      | Reached XP level 2. HP: 14/14 MP: 6/6
  1387 | D:2      | Reached XP level 3. HP: 11/18 MP: 7/7
  3876 | D:3      | Reached XP level 4. HP: 14/23 MP: 8/8
  4250 | D:3      | Reached skill level 1 in Slings
  4715 | D:3      | Found an opulent altar of Gozag.
  4717 | D:3      | Found a bloodstained altar of Trog.
  4745 | D:4      | Reached XP level 5. HP: 23/26 MP: 9/9
  4817 | D:4      | Noticed an ogre
  4852 | D:3      | Killed an ogre
  4852 | D:3      | Reached skill level 5 in Evocations
  5263 | D:3      | HP: 1/27 [orc/mace (8)]
  5273 | D:3      | Slain by an orc

Skill      XL: |  1  2  3  4  5 |
---------------+----------------+-----
Fighting       | 1 2 |  2.7
Stealth        | 2 3 |  3.7
Short Blades   | 2 |  2.7
Slings         | 1 2 |  2.0
Dodging        | 4 |  4.2
Evocations     | 5 |  5.0

Action                   |  1- 3 |  4- 6 || total
-------------------------+-------+-------++-------
Melee: Short sword       |   201 |    66 ||   267
 Fire: Hunting sling     |     6 |    21 ||    27
Evoke: Wand              |       |     1 ||     1
 Stab: Sleeping          |     4 |     3 ||     7
  Eat: Ration            |       |     1 ||     1
Armor: Robe              |    12 |     3 ||    15
Dodge: Dodged            |   134 |    67 ||   201
